 Dungeon Crawl Stone Soup version 0.22-a0-69-g116c2a8f25 (webtiles) character file.

395804 qwip the Eclecticist (level 22, -10/158 HPs)
             Began as a Mummy Necromancer on Dec 7, 2016.
             Was an Initiate of Gozag.
             Mangled by a ghoul (23 damage)
             ... on level 1 of the Crypt on Jan 11, 2018.
             The game lasted 16:33:18 (106367 turns).

qwip the Eclecticist (Mummy Necromancer)          Turns: 106367, Time: 16:33:20

Health: -10/158    AC: 32    Str: 14 (15) XL:     22   Next: 18%
Magic:  0/51       EV: 16    Int: 25      God:    Gozag
Gold:   4409       SH: 16    Dex: 14      Spells: 6/54 levels left

rFire    + + .     SeeInvis +   G - +9 morningstar (vamp)
rCold    + . .     Gourm    .   z - +5 shield {reflect}
rNeg     + + +     Faith    .   o - +5 ring mail of Uskayaw's Benevolence {rF++ Int+3}
rPois    ∞         Spirit   +   A - +2 helmet {Int+3}
rElec    .         Reflect  +   X - +2 cloak {+Inv}
rCorr    .         Harm     .   q - +3 pair of gauntlets of War {Slay+5}
MR       ++...                  r - +2 pair of boots {run}
Stlth    +.........             d - amulet of guardian spirit
HPRegen  0.36/turn              f - +5 ring of protection
MPRegen  0.32/turn              U - ring "Qagy" {rF+ MP+9 SInv}

@: about to teleport, gold aura, quick
A: no food or potions, fire vulnerability, cold resistance 1, negative energy
resistance 3, torment resistance, unbreathing, in touch with death 1
}: 2/15 runes: barnacled, gossamer
a: Potion Petition, Call Merchant, Bribe Branch, Renounce Religion, Evoke
Invisibility


You were on level 1 of the Crypt.
You worshipped Gozag.
Gozag was most pleased with you.
You were not hungry.

You visited 9 branches of the dungeon, and saw 40 of its levels.
You also visited: Labyrinth and Trove.

You collected 21492 gold pieces.
You spent 9415 gold pieces at shops.
You paid 7668 gold pieces to Gozag.

Inventory:

Hand Weapons
 G - a +9 vampiric morningstar (weapon)
 R - the +6 flail of Risk Management {venom, rPois rC++ Str-2}
   (You acquired it on level 3 of the Elven Halls)

   It poisons the flesh of those it strikes.
   It affects your strength (-2).
   It greatly protects you from cold.
   It protects you from poison.
Armour
 o - the +5 ring mail of Uskayaw's Benevolence (worn) {rF++ Int+3}
   (You found it on level 1 of the Shoals)

   It affects your intelligence (+3).
   It greatly protects you from fire.
 p - +2 swamp dragon scales
 q - the +3 pair of gauntlets of War (worn) {Slay+5}
   (You bought it in a shop on level 1 of the Lair of Beasts)

   It affects your accuracy and damage with ranged weapons and melee attacks
   (+5).
 r - a +2 pair of boots of running (worn)
 z - a +5 shield of reflection (worn)
 A - a +2 helmet of intelligence (worn)
 X - a +2 cloak of invisibility (worn)
Magical Staves
 M - an uncursed staff of air
Jewellery
 d - an amulet of guardian spirit (around neck)
 f - a +5 ring of protection (left hand)
 I - an uncursed ring of flight
 Q - an uncursed ring of wizardry (quivered)
 U - the ring "Qagy" (right hand) {rF+ MP+9 SInv}
   (You found it in a treasure trove)

   [ring of magical power]

   It protects you from fire.
   It affects your magic capacity (+9).
   It lets you see invisible.
Wands
 e - a wand of polymorph (18)
 i - a wand of iceblast (7)
 j - a wand of disintegration (10)
 k - a wand of digging (16)
 m - a wand of iceblast (3)
 w - a wand of acid (8)
 K - a wand of acid (13)
 O - a wand of removedness (5)
 P - a wand of removedness (5)
 Z - a wand of iceblast (10)
Scrolls
 a - 6 scrolls of magic mapping
 b - a scroll of silence
 c - a scroll of amnesia
 h - 19 scrolls of identify
 l - 3 scrolls of blinking
 n - 13 scrolls of remove curse
 v - 11 scrolls of immolation
 y - a scroll of teleportation
 C - 4 scrolls of enchant weapon
 H - 4 scrolls of fog
 J - 3 scrolls of fear
 V - a scroll of torment
Miscellaneous
 g - a lightning rod (2/4)
 x - 3 phantom mirrors
 B - a fan of gales (inert)
 D - 2 sacks of spiders
 N - a box of beasts
 S - a lamp of fire


   Skills:
 * Level 9.6 Fighting
 * Level 13.9 Maces & Flails
 * Level 10.4 Armour
 * Level 10.4 Dodging
 - Level 1.5 Stealth
 * Level 9.9 Shields
 - Level 16.5 Spellcasting
 * Level 10.3 Conjurations
 * Level 7.9 Charms
 * Level 15.6 Necromancy
 * Level 7.4 Fire Magic
 * Level 6.0 Ice Magic
 * Level 6.0 Air Magic
 - Level 10.2 Evocations


You had 6 spell levels left.
You knew the following spells:

 Your Spells              Type           Power        Failure   Level  Hunger
a - Dispel Undead         Necr           #######.     1%          5    N/A
b - Bolt of Draining      Conj/Necr      #######...   1%          5    N/A
c - Vampiric Draining     Necr           #######...   1%          3    N/A
d - Conjure Flame         Conj/Fire      ######..     1%          3    N/A
e - Agony                 Necr           #######.     1%          5    N/A
f - Borgnjor's Vile Clut  Necr/Erth      ######....   9%          5    N/A
h - Excruciating Wounds   Chrm/Necr      #######...   1%          5    N/A
i - Death Channel         Necr           #######...   1%          6    N/A
j - Deflect Missiles      Chrm/Air       ######....   58%         6    N/A
k - Swiftness             Chrm/Air       ######..     1%          2    N/A
l - Song of Slaying       Chrm           ######..     1%          2    N/A
m - Freeze                Ice            ####         1%          1    N/A

Dungeon Overview and Level Annotations

Branches:
Dungeon (15/15)            Temple (1/1) D:6            Lair (6/6) D:8
 Shoals (4/4) Lair:2       Spider (4/4) Lair:3        Slime (0/5) Lair:6
    Orc (2/2) D:12            Elf (3/3) Orc:2        Vaults (4/5) D:13
  Crypt (1/3) Vaults:2     Depths (0/5) D:15

Altars:
Ashenzari
Cheibriados
Dithmenos
Elyvilon
Fedhas
Gozag
Hepliaklqana
Kikubaaqudgha
Makhleb
Nemelex Xobeh
Okawaru
Qazlal
Ru
Sif Muna
Trog
Uskayaw
Vehumet
Xom
Yredelemnul
Zin
The Shining One
Beogh
Jiyva

Shops:
D:12 ?   Orc:2 }*[!   Elf:1 [   Lair:1 (*((([*   Vaults:3 %

Portals:
Pandemonium: Orc:2

Annotations:
D:7 1 runed door
Lair:6 1 runed door
Crypt:1 1 transporter


Innate Abilities, Weirdness & Mutations

You do not eat or drink.
Your flesh is vulnerable to fire.
You are immune to poison.
Your flesh is cold resistant. (rC+)
You are immune to negative energy. (rN+++)
You are immune to unholy pain and torment.
You can survive without breathing.
You are in touch with the powers of death.


Message History

Your juvenile stingshock beast hits the cacodemon!
The cacodemon dies!
Your lightning rod (2/4) has regained one charge.
Casting: Dispel Undead
Confirm with . or Enter, or press ? or * to list all spells.
You don't have enough magic to cast that spell.
As you read the scroll of teleportation, it crumbles to dust.
You feel strangely unstable.
The curse skull tears the web.
Your redback barely misses the revenant.
Your redback bites the curse skull but does no damage.
Your deep elf death mage hits the tormentor with a long sword of flaming!
Your deep elf death mage burns the tormentor.
Your redback bites the ghoul!
Your fire dragon simulacrum barely misses the revenant.
Your fire dragon simulacrum closely misses the revenant. x2
Your redback barely misses the ghoul.
Your necromancer hits the revenant with a dagger.
The ghoul barely misses you. The ghoul claws you!!
You die...
Your body crumbles into a pile of gold.

..............# #..........
############### ##)#.#.#.#.
#.......... #######
##.#.#.#)#) zez##2###
##....##)# eWV###########
##...#<). ######...s...#
#....##[# #####.#..Z.a.#
#...###.# ####.##ZHpL@.###
#.#.# #.#
#######.e2nzs#.#####.#.# #.#
#.......Zss$©#©.#......# #.#
#######.LW.$.#.........# #.#
####.........####......# #.#
#.###.##)....#..'......# #..
##.#.###..$..#.##......#####
WeW.##########..............
WLz#.L### #########[#####


You could see a ghoul, an ancient lich (invisible), a cacodemon, a revenant, a
curse skull, a tormentor, a friendly juvenile stingshock beast, a friendly deep
elf death mage, a friendly phantasmal warrior, a friendly necromancer, a
friendly soldier ant, 4 friendly redbacks, a friendly fire dragon simulacrum, a
friendly frost giant skeleton and a friendly yellow draconian skeleton.

Vanquished Creatures
  Boris (Vaults:4)
  Bai Suzhen (Elf:3)
  Margery (Crypt:1)
  Jory (Crypt:1)
  2 liches
  Rupert (D:13)
  2 deep elf master archers (Elf:3)
  A deep elf blademaster (Elf:3)
  Asterion (Vaults:3)
  Polyphemus (Shoals:2)
  2 ancient champions (Crypt:1)
  Gastronok (Lair:1)
  2 tengu reavers (Vaults:3)
  Ilsuiw (Shoals:4)
  2 revenants (Crypt:1)
  Donald (Orc:2)
  A fire giant (Vaults:4)
  3 frost giants
  2 ghost moths
  3 emperor scorpions
  Aizul (Crypt:1)
  3 deep elf sorcerers (Elf:3)
  8 vault wardens
  3 deep elf elementalists (Elf:3)
  9 ironheart preservers
  2 ghouls (Crypt:1)
  A very ugly thing (Vaults:3)
  3 vampire knights (Crypt:1)
  2 entropy weavers (Spider:2)
  10 stone giants
  7 deep elf demonologists
  6 deep elf annihilators
  2 spark wasps (Spider:3)
  2 eidola
  4 deep elf high priests
  8 deep elf death magi
  3 merfolk javelineers
  5 jiangshi
  A minotaur (Lab)
  5 yaktaur captains
  4 merfolk impalers
  3 vault guards (Vaults:4)
  3 rakshasas
  11 hydras
  10 centaur warriors
  2 ice dragons
  A merfolk avatar (Shoals:3)
  An anaconda (shapeshifter) (Elf:3)
  The ghost of WhatIsLove the Covert, a journeyman SpAs of Gozag (Orc:2)
  A catoblepas (Lair:2)
  A death yak (shapeshifter) (Vaults:2)
  A merfolk aquamancer (Shoals:3)
  5 ogre magi
  3 tengu warriors
  6 orc high priests (Orc:2)
  2 titan zombies
  4 death knights
  3 deep troll earth magi
  5 vampire magi
  Urug (D:13)
  5 hell knights
  2 soul eaters
  18 deep elf knights
  Sonja (Orc:2)
  6 skeletal warriors
  A shadow wraith (Crypt:1)
  2 flayed ghosts
  3 wizards
  A gelid demonspawn (Orc:2)
  8 sea snakes
  4 unseen horrors
  A torturous demonspawn (Orc:2)
  An infernal demonspawn (Orc:2)
  An anaconda skeleton (Crypt:1)
  3 deep trolls (Vaults:2)
  9 removed MONS_HILL_GIANTs
  A lindwurm (Lair:6)
  12 orc knights
  11 harpies
  20 deep elf archers
  A frost giant zombie (Vaults:3)
  4 oklob plants
  8 ironbrand convokers
  8 orc sorcerers
  13 orb spiders
  77 deep elf magi
  3 necromancers
  3 human zombies
  16 ugly things
  2 fauns
  13 cyclopes
  4 moths of wrath
  43 wolf spiders
  7 manticores
  Maurice (D:8)
  3 merfolk sirens
  8 black mambas
  A sphinx skeleton (Vaults:3)
  5 water nymphs
  3 elephants
  13 vault sentinels
  A naga mage (D:15)
  6 torpor snails
  2 gargoyles
  24 spiny frogs
  20 yaktaurs
  2 rime drakes
  A grey draconian zombie (Crypt:1)
  An orc skeleton (Vaults:2)
  A yaktaur (shapeshifter) (D:15)
  An efreet (D:12)
  9 demonic crawlers
  A kobold demonologist (D:12)
  2 hellwings (Orc:2)
  7 komodo dragons
  An ice devil (Orc:2)
  A catoblepas skeleton (Crypt:1)
  7 freezing wraiths
  A red devil (Orc:2)
  9 trolls
  A yaktaur skeleton (Vaults:2)
  2 minotaur zombies (Lab)
  6 meliai
  A harpy zombie (Crypt:1)
  40 jumping spiders
  3 wind drakes
  A jumping spider (shapeshifter) (Vaults:3)
  4 polar bears (Lair:5)
  13 merfolk
  9 two-headed ogres
  Prince Ribbit (D:9)
  3 tyrant leeches (Lair:6)
  3 hornets
  25 blink frogs
  A fire dragon zombie (Crypt:1)
  6 snapping turtles
  15 dream sheep
  22 hippogriffs
  A slime creature (Orc:1)
  A human simulacrum (Vaults:1)
  85 redbacks
  An ettin skeleton (Vaults:3)
  A tarantella (shapeshifter) (Vaults:2)
  44 tarantellas
  Sigmund (D:4)
  4 air elementals
  2 shadows
  12 wraiths
  A spriggan (D:11)
  6 water elementals
  40 yaks
  5 wyverns
  14 humans
  A neqoxec (Orc:2)
  5 basilisks
  3 fire elementals
  17 vampire mosquitoes
  Grum (D:8)
  9 hungry ghosts
  Edmund (D:6)
  4 wargs
  A glowing shapeshifter zombie (Crypt:1)
  7 acid dragons
  A monstrous demonspawn zombie (Crypt:1)
  19 water moccasins
  Duvessa (D:5)
  2 hell hounds
  42 orc warriors
  4 porcupines
  7 sky beasts
  3 black bears
  A necrophage (Crypt:1)
  An alligator simulacrum (Crypt:1)
  6 ice beasts
  2 eyes of draining
  A phantom (D:6)
  An ice dragon simulacrum (Crypt:1)
  26 ogres
  14 boggarts
  23 wolves
  A boggart (shapeshifter) (Vaults:2)
  14 centaurs
  17 crocodiles
  A draconian zombie (Crypt:1)
  7 earth elementals
  Blork the orc (D:4)
  A rime drake skeleton (Crypt:1)
  27 bullfrogs
  Dowan (D:5)
  10 scorpions
  10 killer bees
  An elf simulacrum (Vaults:3)
  2 spriggan skeletons (Lab)
  15 wights
  A howler monkey (D:4)
  5 electric eels
  17 crimson imps
  A bullfrog zombie (D:9)
  A quasit (D:3)
  A wyvern simulacrum (D:14)
  4 centaur zombies
  4 hounds
  21 orc wizards
  4 bullfrog skeletons
  32 orc priests
  7 jellies
  7 centaur skeletons
  A gnoll shaman (D:9)
  Terence (D:3)
  3 iguanas
  17 worker ants
  A killer bee zombie (D:9)
  3 hound skeletons
  A worker ant zombie (D:6)
  Robin (D:3)
  8 gnolls
  A howler monkey skeleton (D:4)
  11 adders
  3 shadow imps
  2 oozes (D:1)
  4 adder skeletons
  4 worms
  9 dart slugs
  9 leopard geckos
  115 orcs
  9 giant cockroaches
  21 goblins
  11 hobgoblins
  9 jackals
  8 quokkas
  2 ball pythons
  8 bats
  6 frilled lizards
  8 kobolds
  A leopard gecko skeleton (D:5)
  4 quokka skeletons
  2 quokka zombies
  9 rats
  3 plants
1711 creatures vanquished.

Vanquished Creatures (collateral kills)
  A deep elf blademaster (Elf:3)
  2 liches
  A kraken (Shoals:1)
  A fire giant (Vaults:3)
  Roxanne (D:14)
  A ghost moth (Spider:4)
  An orc warlord (Orc:1)
  2 cacodemons (Crypt:1)
  6 emperor scorpions (Spider:4)
  2 ironheart preservers
  2 entropy weavers (Spider:3)
  Azrael (D:14)
  2 stone giants
  2 merfolk javelineers
  4 merfolk impalers (Shoals:4)
  A fire dragon (Vaults:2)
  2 yaktaur captains
  Josephine (Shoals:1)
  A rakshasa (Vaults:2)
  A centaur warrior (Vaults:2)
  2 vault guards (Vaults:4)
  4 merfolk avatars
  A catoblepas (Shoals:2)
  2 death yaks (Shoals:2)
  3 merfolk aquamancers (Shoals:4)
  3 ogre magi
  18 dancing weapons
  3 deep elf knights
  11 sea snakes
  3 wizards
  A deep troll (Vaults:3)
  A deep elf archer (Vaults:4)
  2 necromancers
  A phantasmal warrior (Crypt:1)
  4 ironbrand convokers
  7 orb spiders (Spider:4)
  8 harpies
  3 orc knights (Vaults:2)
  9 wolf spiders (Spider:4)
  5 manticores
  2 ugly things
  3 cyclopes
  A moth of wrath (Spider:3)
  3 fauns
  A water nymph (Shoals:4)
  4 merfolk sirens
  5 vault sentinels
  A torpor snail (Spider:4)
  5 yaktaurs
  3 freezing wraiths
  5 demonic crawlers
  15 jumping spiders
  15 merfolk
  A merfolk (shapeshifter) (Vaults:2)
  3 two-headed ogres (Vaults:3)
  A queen bee (shapeshifter) (Vaults:3)
  2 hornets (Spider:3)
  3 wind drakes
  3 snapping turtles
  A hippogriff (Shoals:4)
  2 slime creatures
  3 human simulacra
  3 dream sheep
  2 water elementals
  13 tarantellas
  41 redbacks
  3 wraiths
  3 fire elementals (D:14)
  2 humans (D:13)
  A basilisk (shapeshifter) (Vaults:4)
  A vampire mosquito (D:14)
  2 orc warriors (Vaults:2)
  A sky beast (shapeshifter) (D:14)
  13 ogres
  2 boggarts
  A human skeleton (Vaults:3)
  2 orc wizards
  5 orcs
  11 plants
  A tentacle (Shoals:1)
315 creatures vanquished.

Vanquished Creatures (others)
  A centaur warrior (D:13)
  17 dancing weapons
  A deep elf archer (Elf:1)
  2 harpies
  2 deep elf magi
  A cyclops (D:13)
  A dream sheep (Shoals:1)
  A redback (Spider:2)
  An orc warrior (Vaults:1)
  An orc (Vaults:1)
  A bush (Lair:6)
  22 fungi
  87 plants
  13 tentacles (Shoals:1)
151 creatures vanquished.

Grand Total: 2177 creatures vanquished

Notes
Turn   | Place    | Note
-------+----------+-------------------------------------------
     0 | D:1      | qwip the Mummy Necromancer began the quest for the Orb.
     0 | D:1      | Reached XP level 1. HP: 13/13 MP: 3/3
   431 | D:1      | Reached XP level 2. HP: 19/19 MP: 1/5
  1366 | D:1      | Reached XP level 3. HP: 8/24 MP: 0/7
  1650 | D:2      | Noticed a hand axe
  1650 | D:2      | Noticed a dagger
  1687 | D:2      | Found a hide-covered altar of Uskayaw.
  1971 | D:1      | Reached skill level 3 in Spellcasting
  2095 | D:1      | Learned a level 3 spell: Vampiric Draining
  2489 | D:2      | Reached XP level 4. HP: 30/30 MP: 8/8
  3413 | D:2      | Reached skill level 5 in Necromancy
  3652 | D:3      | Reached XP level 5. HP: 26/35 MP: 1/10
  3780 | D:3      | Reached skill level 1 in Armour
  3898 | D:3      | Noticed Terence
  3913 | D:3      | Killed Terence
  3913 | D:3      | Reached skill level 1 in Maces & Flails
  4142 | D:3      | Learned a level 2 spell: Repel Missiles
  4146 | D:3      | Learned a level 3 spell: Conjure Flame
  4329 | D:3      | Noticed Robin
  4396 | D:3      | Killed Robin
  4841 | D:3      | Reached XP level 6. HP: 14/41 MP: 11/11
  5090 | D:3      | Reached skill level 4 in Spellcasting
  5418 | D:3      | Learned a level 3 spell: Mephitic Cloud
  5924 | D:4      | Found a stormy altar of Qazlal.
  5975 | D:4      | Reached skill level 1 in Charms
  5985 | D:4      | Reached XP level 7. HP: 45/47 MP: 1/13
  6093 | D:4      | Found a radiant altar of Vehumet.
  6350 | D:4      | Noticed Blork the orc
  6430 | D:4      | Killed Blork the orc
  6868 | D:4      | Noticed Sigmund
  6918 | D:4      | Reached skill level 1 in Conjurations
  6918 | D:4      | Reached skill level 1 in Fire Magic
  6923 | D:4      | Killed Sigmund
  7247 | D:5      | Entered Level 5 of the Dungeon
  7278 | D:5      | Reached skill level 1 in Air Magic
  7438 | D:5      | Reached XP level 8. HP: 42/53 MP: 5/15
  7580 | D:5      | Reached skill level 5 in Spellcasting
  7990 | D:5      | Reached skill level 1 in Fighting
  8250 | D:5      | Noticed Dowan
  8260 | D:5      | Noticed Duvessa
  8586 | D:5      | Killed Dowan
  9081 | D:5      | Killed Duvessa
  9504 | D:6      | Found a staircase to the Ecumenical Temple.
  9509 | Temple   | Entered the Ecumenical Temple
  9562 | Temple   | Became a worshipper of Gozag Ym Sagoz the Greedy
  9728 | D:6      | Found a radiant altar of Vehumet.
  9910 | D:6      | Found a white marble altar of Elyvilon.
 10056 | D:6      | Reached XP level 9. HP: 59/59 MP: 13/17
 10098 | D:6      | Noticed Edmund
 10111 | D:6      | Killed Edmund
 10358 | D:6      | Learned a level 4 spell: Control Undead
 11209 | D:7      | Reached skill level 6 in Spellcasting
 11419 | D:7      | Found a blossoming altar of Fedhas.
 11786 | D:7      | Found a runed door.
 11794 | D:7      | Found a runed door.
 12567 | D:8      | Reached XP level 10. HP: 13/67 MP: 1/19
 13362 | D:8      | Got an ancient short sword
 13363 | D:8      | Identified the +4 short sword of Scorn {venom, rF+} (You found it on level 8 of the Dungeon)
 13381 | D:8      | Noticed Grum
 13443 | D:8      | Killed Grum
 13611 | D:8      | Found a staircase to the Lair.
 13659 | D:8      | Reached skill level 5 in Maces & Flails
 13659 | D:8      | Reached skill level 1 in Evocations
 13724 | D:8      | Noticed Maurice
 13907 | D:8      | Killed Maurice
 14697 | D:9      | Found a sacrificial altar of Ru.
 14698 | D:9      | Found an ancient bone altar of Kikubaaqudgha.
 14699 | D:9      | Found a bloodstained altar of Trog.
 14877 | D:9      | Noticed Prince Ribbit
 14894 | D:9      | Killed Prince Ribbit
 15040 | D:9      | Found a shadowy altar of Dithmenos.
 15073 | D:9      | Found a blossoming altar of Fedhas.
 15399 | D:9      | Noticed a centaur warrior
 15412 | D:9      | Killed a centaur warrior
 15683 | D:9      | Reached XP level 11. HP: 66/74 MP: 14/21
 16113 | D:9      | Noticed a centaur warrior
 16145 | D:9      | Killed a centaur warrior
 16145 | D:9      | Reached skill level 7 in Spellcasting
 16431 | D:10     | Entered Level 10 of the Dungeon
 17966 | D:11     | Noticed a hill giant
 17974 | D:11     | Killed a hill giant
 18274 | D:11     | Reached skill level 1 in Shields
 18762 | D:11     | Noticed a hill giant
 18777 | D:11     | Killed a hill giant
 19243 | D:11     | Upgraded the game from 0.20-a0-268-gb6bde61 to 0.20-a0-269-g17f5411
 19432 | Lair:1   | Entered Level 1 of the Lair of Beasts
 19718 | Lair:1   | Noticed Gastronok
 19750 | Lair:1   | Killed Gastronok
 19938 | Lair:1   | Reached XP level 12. HP: 73/81 MP: 4/23
 20542 | Lair:1   | Reached skill level 5 in Armour
 21092 | Lair:2   | Found a labyrinth entrance.
 21097 | Lab      | Entered a labyrinth
 22122 | Lab      | Noticed a minotaur
 22132 | Lab      | Killed a minotaur
 22213 | Lab      | Got a slimy robe
 22251 | Lab      | Identified the +1 robe "Mianugo" {rC+ rN+} (You found it in a labyrinth)
 23122 | Lair:2   | Found a staircase to the Shoals.
 23367 | Lair:2   | Noticed a catoblepas
 23380 | Lair:2   | Killed a catoblepas
 24103 | Lair:3   | Noticed an eight-headed hydra
 24108 | Lair:3   | Killed an eight-headed hydra
 24196 | Lair:3   | Learned a level 3 spell: Ozocubu's Armour
 24213 | Lair:3   | Noticed a four-headed hydra
 24223 | Lair:3   | Killed a four-headed hydra
 24259 | Lair:3   | Reached skill level 10 in Necromancy
 24440 | Lair:3   | Reached skill level 5 in Conjurations
 24934 | Lair:3   | Reached skill level 8 in Spellcasting
 24934 | Lair:3   | Reached skill level 1 in Ice Magic
 25397 | Lair:3   | Found a hole to the Spider Nest.
 25645 | Lair:3   | Gained mutation: You are in touch with the powers of death. [Mummy growth]
 25645 | Lair:3   | Reached XP level 13. HP: 83/88 MP: 23/25
 27987 | Lair:4   | Reached skill level 5 in Dodging
 32046 | Lair:6   | Entered Level 6 of the Lair of Beasts
 32103 | Lair:6   | Reached XP level 14. HP: 86/96 MP: 21/26
 32119 | Lair:6   | Reached skill level 5 in Evocations
 33700 | Lair:6   | Reached skill level 5 in Shields
 34664 | Lair:6   | Found a runed door.
 34664 | Lair:6   | Found a viscous altar of Jiyva.
 34664 | Lair:6   | Found a staircase to the Slime Pits.
 34664 | Lair:6   | Noticed an acid blob
 34664 | Lair:6   | Noticed an acid blob
 34664 | Lair:6   | Noticed an acid blob
 34729 | Lair:6   | Reached skill level 9 in Spellcasting
 35329 | Lair:6   | Identified a scroll of acquirement
 35336 | Lair:6   | Learned a level 1 spell: Freeze
 35854 | Lair:6   | Learned a level 2 spell: Song of Slaying
 36490 | Lair:6   | Got a pearl-encrusted scale mail
 36509 | Lair:6   | Identified the +2 scale mail of Zointij {rN+} (You found it on level 6 of the Lair of Beasts)
 36981 | Lair:1   | Learned a level 4 spell: Throw Icicle
 38472 | D:12     | Found Siotupsait's Magic Scroll Boutique.
 38479 | D:12     | Bought a scroll of enchant weapon for 97 gold pieces
 38479 | D:12     | Bought a scroll of identify for 26 gold pieces
 38479 | D:12     | Bought a scroll of identify for 26 gold pieces
 38479 | D:12     | Bought a scroll of teleportation for 39 gold pieces
 38479 | D:12     | Bought a scroll of teleportation for 39 gold pieces
 38479 | D:12     | Bought a scroll of recharging for 123 gold pieces
 38484 | D:12     | Bought a scroll of summoning for 123 gold pieces
 38484 | D:12     | Bought a scroll of silence for 97 gold pieces
 38686 | D:12     | Found a staircase to the Orcish Mines.
 39212 | Orc:1    | Entered Level 1 of the Orcish Mines
 39256 | Orc:1    | Found a roughly hewn altar of Beogh.
 39401 | Orc:2    | Entered Level 2 of the Orcish Mines
 39401 | Orc:2    | Noticed Sonja
 39527 | Orc:2    | Noticed a stone giant
 39528 | Orc:2    | Noticed WhatIsLove's ghost (journeyman SpAs)
 39816 | D:12     | Killed a stone giant
 40195 | Orc:2    | Killed WhatIsLove's ghost
 41383 | Orc:2    | Reached XP level 15. HP: 65/102 MP: 0/28
 42670 | Orc:2    | Noticed Donald
 42921 | Orc:2    | Found Cazing's Distillery.
 43063 | Orc:2    | Found Mocluut's General Store.
 43315 | Orc:2    | Reached skill level 5 in Fighting
 44320 | Orc:2    | Bought a scroll of identify for 32 gold pieces
 44427 | Orc:2    | Killed Sonja
 44523 | Orc:2    | Killed Donald
 47774 | Orc:2    | Found Doust's Antique Armour Shop.
 47774 | Orc:2    | Found Biab's Gadget Boutique.
 47774 | Orc:2    | Found a one-way gate leading to the halls of Pandemonium.
 48021 | Orc:2    | Bought a +6 rod of shadows (9/9) for 1700 gold pieces
 48021 | Orc:2    | Bought a -3 rod of ignition (14/14) for 1360 gold pieces
 48109 | Orc:2    | Bought a runed ring mail for 210 gold pieces
 48538 | Orc:2    | Found a staircase to the Elven Halls.
 49201 | Orc:1    | Noticed an orc warlord
 49235 | Orc:1    | Killed an orc warlord
 49722 | Orc:2    | Bought a +1 rod of inaccuracy (14/14) for 1700 gold pieces
 50045 | D:13     | Found a gate to the Vaults.
 50045 | D:13     | Noticed Urug
 50045 | D:13     | Noticed Rupert
 50283 | D:13     | Killed Urug
 50319 | D:13     | Killed Rupert
 50674 | D:13     | Reached skill level 10 in Maces & Flails
 53697 | D:14     | Reached skill level 10 in Spellcasting
 53702 | D:14     | Reached XP level 16. HP: 109/109 MP: 22/30
 54481 | D:14     | Found a portal to a secret trove of treasure.
 54578 | D:14     | Noticed Roxanne
 54609 | D:14     | Killed Roxanne
 54612 | D:14     | Noticed Azrael
 54874 | D:14     | Killed Azrael
 55059 | D:15     | Entered Level 15 of the Dungeon
 56619 | D:15     | Found a staircase to the Depths.
 59241 | Elf:1    | Entered Level 1 of the Elven Halls
 59857 | Elf:1    | Found Cocsarhe's Antique Armour Shoppe.
 60385 | Elf:1    | Learned a level 2 spell: Swiftness
 61300 | Elf:1    | Noticed a Brimstone Fiend
 63915 | Elf:2    | Reached skill level 5 in Fire Magic
 64762 | D:14     | Reached XP level 17. HP: 116/116 MP: 31/31
 64803 | D:14     | You paid a toll of 15 scrolls of teleportation to enter a treasure trove
 64804 | Trove    | Entered a treasure trove
 64884 | Trove    | Learned a level 5 spell: Bolt of Draining
 64892 | Trove    | Learned a level 5 spell: Agony
 65169 | Trove    | Got a smoking golden ring
 65171 | Trove    | Identified the ring "Qagy" {rF+ MP+9 SInv} (You found it in a treasure trove)
 65704 | Lair:1   | Learned a level 6 spell: Death Channel
 67959 | Elf:2    | Found a huge runed gate.
 67959 | Elf:2    | Found a huge runed gate.
 67959 | Elf:2    | Found a huge runed gate.
 67959 | Elf:2    | Found a huge runed gate.
 67959 | Elf:2    | Found a huge runed gate.
 72977 | Elf:2    | Got a brightly glowing morningstar
 72979 | Elf:2    | Identified the +1 morningstar of Nimoluipe {crush, rF+ rC- Str+4 Dex+2} (You acquired it on level 2 of the Elven Halls)
 72983 | Elf:3    | Entered Level 3 of the Elven Halls
 73625 | Elf:3    | Noticed Bai Suzhen
 73662 | Elf:3    | Killed Bai Suzhen
 75160 | Elf:3    | Reached skill level 11 in Spellcasting
 76203 | Elf:3    | Reached skill level 5 in Charms
 76457 | Elf:3    | Reached XP level 18. HP: 124/124 MP: 4/33
 76608 | Elf:3    | Got an iridescent dagger {pierce}
 76609 | Elf:3    | Identified the +7 dagger "Duot" {pierce, Int+5 Stlth+} (You took it off a deep elf elementalist on level 3 of the Elven Halls)
 76855 | Elf:3    | HP: 4/125 [deep elf blademaster/rapier (11)]
 78725 | Elf:3    | Identified the Disquisition on Damaging Flames
 78887 | Elf:3    | Identified Emaeh's Volume of Creative Evil
 78891 | Elf:3    | Identified Viblel's Reference Book on Dusty Battle Magic
 79766 | Lair:1   | Learned a level 5 spell: Excruciating Wounds
 80444 | Elf:3    | Got a crude leather armour
 80455 | Elf:3    | Identified the cursed +0 leather armour of Sovereignty {Dex+3} (You took it off a deep elf sorcerer on level 3 of the Elven Halls)
 80505 | Elf:3    | Got a faintly glowing flail
 80506 | Elf:3    | Identified the +6 flail of Risk Management {venom, rPois rC++ Str-2} (You acquired it on level 3 of the Elven Halls)
 80950 | Spider:1 | Entered Level 1 of the Spider Nest
 85888 | Spider:2 | Upgraded the game from 0.20-a0-269-g17f5411 to 0.20-a0-270-g8e735b6
 87713 | Spider:2 | Reached XP level 19. HP: 115/132 MP: 12/34
 88991 | Spider:3 | Reached skill level 12 in Spellcasting
 90416 | Spider:4 | Entered Level 4 of the Spider Nest
 90734 | Spider:4 | Got a gossamer rune of Zot
 91752 | Lair:1   | Bought a dazzling flail for 331 gold pieces
 91752 | Lair:1   | Bought a runed morningstar for 390 gold pieces
 91758 | Lair:1   | Bought a glowing morningstar for 390 gold pieces
 91835 | Lair:1   | Bought a jewelled war axe for 229 gold pieces
 91835 | Lair:1   | Identified the +9 war axe of Ingob Ole {freeze, *Drain rPois rN+++ Stlth-} (You bought it in a shop on level 1 of the Lair of Beasts)
 91847 | Lair:1   | Bought a +1 vampiric morningstar for 304 gold pieces
 91866 | Lair:1   | Bought the +3 pair of gauntlets of War {Slay+5} for 1520 gold pieces
 92188 | Vaults:1 | Entered Level 1 of the Vaults
 93979 | Vaults:2 | Got a fine plate armour
 93990 | Vaults:2 | Identified the cursed +1 plate armour "Faihoesch" {MR+ Int+5} (You found it on level 2 of the Vaults)
 94125 | Vaults:2 | Reached XP level 20. HP: 142/142 MP: 36/36
 94767 | Vaults:2 | Got an ichor-stained leather armour
 94854 | Vaults:2 | Found a staircase to the Crypt.
 95468 | Vaults:2 | Identified the cursed +0 leather armour "Ysou" {Int+3} (You found it on level 2 of the Vaults)
 96016 | Lair:1   | Learned a level 5 spell: Dispel Undead
 96053 | Lair:1   | Bought a +0 pair of boots of running for 567 gold pieces
 96618 | Vaults:3 | Found Acoyro's Food Shoppe.
 96935 | Vaults:3 | Noticed Asterion
 96948 | Vaults:3 | Killed Asterion
 97424 | Vaults:4 | Noticed Boris
 97461 | Vaults:4 | Killed Boris
 97680 | Vaults:4 | Reached skill level 5 in Air Magic
 97734 | Vaults:4 | Reached skill level 10 in Armour
 97903 | Vaults:4 | Reached skill level 15 in Necromancy
 97962 | Vaults:4 | Reached skill level 5 in Ice Magic
 98081 | Vaults:4 | Reached XP level 21. HP: 144/150 MP: 34/37
 98780 | Vaults:4 | Reached skill level 10 in Dodging
 99289 | Lair:1   | Bought a scroll of enchant armour for 112 gold pieces
 99505 | Shoals:1 | Entered Level 1 of the Shoals
 99647 | Shoals:1 | Reached skill level 10 in Conjurations
 99708 | Shoals:1 | Noticed Josephine
 99718 | Shoals:1 | Killed Josephine
 99778 | Shoals:1 | Got a distressingly furry ring mail
100007 | Shoals:1 | Reached skill level 13 in Spellcasting
100403 | Shoals:1 | Identified the +5 ring mail of Uskayaw's Benevolence {rF++ Int+3} (You found it on level 1 of the Shoals)
100502 | Shoals:2 | Reached skill level 10 in Evocations
100882 | Shoals:2 | Noticed Polyphemus
100893 | Shoals:2 | Killed Polyphemus
101767 | Shoals:4 | Entered Level 4 of the Shoals
101770 | Shoals:4 | Noticed Ilsuiw
101804 | Shoals:4 | Killed Ilsuiw
102148 | Shoals:4 | Got a barnacled rune of Zot
102814 | Shoals:4 | Got a crude morningstar {crush}
102815 | Shoals:4 | Identified the cursed +1 morningstar "Muenoef" {crush, Str+5} (You took it off a merfolk on level 4 of the Shoals)
103317 | Lair:1   | Reached skill level 16 in Spellcasting
103317 | Lair:1   | Upgraded the game from 0.20-a0-270-g8e735b6 to 0.22-a0-69-g116c2a8f25
103331 | Lair:1   | Learned a level 6 spell: Deflect Missiles
103338 | Lair:1   | Learned a level 5 spell: Borgnjor's Vile Clutch
103687 | Crypt:1  | Entered Level 1 of the Crypt
104809 | Crypt:1  | Found a transporter.
104812 | Crypt:1  | Noticed Margery
105069 | Crypt:1  | Noticed Jory
105083 | Crypt:1  | Killed Jory
105483 | Crypt:1  | Reached XP level 22. HP: 157/157 MP: 42/42
105572 | Crypt:1  | Noticed Aizul
105582 | Crypt:1  | Killed Aizul
106060 | Crypt:1  | Found a transporter.
106159 | Crypt:1  | Noticed an ancient lich
106175 | Crypt:1  | Killed Margery
106367 | Crypt:1  | Mangled by a ghoul

Vault maps used:
D:1:      minmay_arrival_stone_box
D:2:      dancing_weapons_uskayaw, first_bread, kennysheep_minor_cross,
          dk_vineyard_3, kennysheep_generic_room_2
D:3:      kennysheep_goblin_castle, uniq_terence
D:4:      vehumet_crystals, grunt_qazlal_clouds, uniq_blork_the_orc,
          uniq_sigmund
D:5:      kennysheep_slugbush, uniq_duvessa
D:6:      kennysheep_little_box, basic_altar, dk_noncrumbling_2, uniq_edmund
D:7:      lemuel_insect_pit, fedhas_altar_2
D:8:      david_lair_shrubbed, grunt_ministairs_2, uniq_grum, uniq_maurice
D:9:      wad_statue_garden, nicolae_dithmenos_shadow_blocks,
          grunt_temple_overflow_open, basic_altar, uniq_prince_ribbit1
D:11:     the_bakery
D:12:     orc_0_dummy, serial_shops, shop, onia_ninara_dug_in_and_dangerous
D:13:     david_vaults_3
D:14:     nicolae_trove_entry_crystal, infiniplex_staircase_zigzag_2,
          portal_ice_cave_entry_pillars_1, uniq_azrael, uniq_roxanne
D:15:     grunt_enter_depths_magical_seal, minmay_misc_feat_x
Temple:   chequers_temple_sunken
Lair:1:   uniq_gastronok
Lair:2:   shoals_dummy_entry, lab_entry_generic, grunt_forest_small_clearings
Lair:3:   nicolae_spider_entry_tight_spaces
Lair:4:   dpeg_oklob_gauntlet, serial_bayou_crossing, grunt_megastairs_2
Lair:5:   cheibrodos_lair_lostbears, minmay_lair_oklob_chamber,
          grunt_megastairs_5, lemuel_fruit_tree
Lair:6:   minmay_lair_end_frog_pond, slime_altar_2
Shoals:1: uniq_josephine
Shoals:2: uniq_polyphemus
Shoals:4: shoals_end_simple, shoal_ilsuiw, nicolae_shoals_dead_sea_scrolls
Spider:3: nicolae_spider_stair_cavern
Spider:4: grunt_spider_rune_circles
Orc:1:    basic_altar, nicolae_orc_rich_vein
Orc:2:    pf_orc_diabolical, uniq_sonja, uniq_donald
Elf:1:    elf_arrival_001, serial_shops, shop, hangedman_elf_represent,
          corexii_checkpoint_b, amethyst_killhole
Elf:3:    elf_hall_gauntlet_narrow, uniq_bai_suzhen
Vaults:1: nicolae_vaults_back_hallway, nicolae_vaults_halls_meeting,
          v_pattern_2, ontoclasm_vaults_misaligned, ontoclasm_vaults_pinch,
          ontoclasm_vaults_eye, hangedman_vaults_capsules, vaults_room_hallway,
          nicolae_vaults_mini_display_case, v_misc_30,
          grunt_vaults_hallway_short
Vaults:2: ontoclasm_vaults_tryst, nicolae_vaults_alarming,
          minmay_crypt_entry_simple_walls, vaults_mumra_hexcomb,
          nicolae_vaults_murderbox, nicolae_vaults_specimen_jars,
          vaults_room_grunt_arrival_ludios, v_rooms_5, v_pattern_5, v_misc_3,
          ontoclasm_vaults_hangar, nicolae_vaults_little_squares_4,
          vaults_room_semicircle
Vaults:3: hangedman_vaults_locks, ontoclasm_vaults_ring_square,
          hangedman_vaults_pinch, vaults_dpeg_ring,
          hangedman_vaults_stretched_pinwheel, vaults_room_grid, st_more_cells,
          nicolae_vaults_little_squares_6, vaults_mumra_hex, serial_shops, shop,
          serial_glass, uniq_asterion
Vaults:4: vaults_room_ringed_pool, nicolae_vaults_meeting,
          nicolae_vaults_little_squares_4, nicolae_vaults_three_branches,
          nicolae_vaults_hallways_thing, nicolae_vaults_yaktaur_gun_rack,
          dpeg_vaults_monster_box, uniq_boris
Crypt:1:  gammafunk_dig_for_victory, st_stairs_10, uniq_aizul, uniq_margery,
          uniq_jory
Lab:      labyrinth_hidden_loot, lab_statue, nicolae_lab_hexagon,
          nicolae_lab_lava, nicolae_lab_starburst, nicolae_lab_do_over,
          nicolae_lab_very_dead_end
Trove:    trove_garden

Skill      XL: |  1  2  3  4  5  6  7  8  9 10 11 12 13 14 15 16 17 18 19 20 21 22 |
---------------+-------------------------------------------------------------------+-----
Spellcasting   | 3 4 5 6 7 8 9 10 11 12 16 | 16.5
Necromancy     | 5 6 7 8 9 10 11 12 13 14 15 | 15.6
Armour         | 1 2 3 4 5 6 7 8 9 10 | 10.4
Maces & Flails | 1 2 3 4 5 6 7 8 9 10 11 12 13 | 13.9
Charms         | 1 2 3 4 5 6 7 |  7.9
Conjurations   | 1 2 3 4 5 6 7 8 9 10 | 10.3
Fire Magic     | 1 2 3 4 5 6 7 |  7.4
Air Magic      | 1 2 3 4 5 6 |  6.0
Fighting       | 1 2 3 4 5 6 7 8 9 |  9.6
Dodging        | 2 3 4 5 6 7 8 9 10 | 10.4
Evocations     | 1 3 4 5 7 8 9 10 | 10.2
Shields        | 2 3 4 5 6 7 8 9 |  9.9
Ice Magic      | 1 2 3 4 5 6 |  6.0
Stealth        | |  1.5

Action                   |  1- 3 |  4- 6 |  7- 9 | 10-12 | 13-15 | 16-18 | 19-21 | 22-24 || total
-------------------------+-------+-------+-------+-------+-------+-------+-------+-------++-------
Melee: Unarmed           |     8 |       |       |       |       |       |       |       ||     8
       Club              |     7 |       |       |       |       |       |       |       ||     7
       Whip              |    11 |   212 |   550 |       |     6 |       |       |       ||   779
       Flail             |       |       |   242 |  1013 |   922 |   237 |   193 |       ||  2607
       Great mace        |       |       |       |       |    53 |       |       |       ||    53
       Mace              |       |       |       |       |   732 |  1274 |       |       ||  2006
       Broad axe         |       |       |       |       |    35 |       |       |       ||    35
       Morningstar       |       |       |       |       |       |       |  1706 |    34 ||  1740
 Fire: Blowgun           |       |       |     2 |       |       |       |       |       ||     2
       Heavy crossbow    |       |       |       |       |       |     4 |       |       ||     4
 Cast: Pain              |    63 |    61 |    26 |    65 |   122 |    18 |       |       ||   355
       Vampiric Draining |       |    23 |    81 |   132 |   248 |   165 |    12 |       ||   661
       Repel Missiles    |       |     2 |     4 |     2 |     5 |     7 |    10 |       ||    30
       Conjure Flame     |       |       |       |    35 |   108 |    51 |    13 |       ||   207
       Mephitic Cloud    |       |       |       |     2 |       |       |       |       ||     2
       Control Undead    |       |       |       |     1 |     4 |       |     5 |       ||    10
       Ozocubu's Armour  |       |       |       |       |    11 |       |       |       ||    11
       Freeze            |       |       |       |       |    22 |    10 |       |       ||    32
       Throw Icicle      |       |       |       |       |    15 |     7 |       |       ||    22
       Song of Slaying   |       |       |       |       |     1 |       |     2 |       ||     3
       Bolt of Draining  |       |       |       |       |       |   302 |   103 |    18 ||   423
       Swiftness         |       |       |       |       |       |     2 |       |       ||     2
       Excruciating Woun |       |       |       |       |       |     1 |     1 |       ||     2
       Death Channel     |       |       |       |       |       |       |    99 |       ||    99
       Dispel Undead     |       |       |       |       |       |       |    55 |    13 ||    68
       Borgnjor's Vile C |       |       |       |       |       |       |     1 |     1 ||     2
Invok: Call Merchant     |       |       |       |       |       |       |     7 |       ||     7
 Abil: Evoke Invisibilit |       |       |       |       |     6 |     6 |     5 |       ||    17
       Evoke Flight      |       |       |       |       |       |       |    39 |       ||    39
Evoke: Rod               |       |       |       |    13 |   199 |   307 |    47 |       ||   566
       Wand              |       |       |       |     5 |     4 |     3 |       |     6 ||    18
       Sack of spiders   |       |       |       |       |     1 |       |       |     3 ||     4
       Lightning rod     |       |       |       |       |       |       |       |     4 ||     4
       Fan of gales      |       |       |       |       |       |       |       |     1 ||     1
       Box of beasts     |       |       |       |       |       |       |       |     1 ||     1
  Use: Scroll            |     4 |     1 |     7 |    10 |    22 |    20 |    24 |     7 ||    95
 Stab: Sleeping          |     2 |     1 |     2 |     3 |       |       |       |       ||     8
       Distracted        |       |       |     1 |     3 |     3 |     7 |    48 |       ||    62
       Confused          |       |       |       |     3 |       |       |       |       ||     3
       Invisible         |       |       |       |       |     3 |     8 |    14 |       ||    25
       Betrayed ally     |       |       |       |       |     1 |       |       |       ||     1
Armor: Leather armour    |     5 |    76 |   270 |   627 |   613 |       |       |       ||  1591
       Ring mail         |       |       |       |       |   216 |   658 |   518 |    32 ||  1424
Dodge: Dodged            |    17 |   160 |   464 |   706 |  1150 |   631 |   730 |    41 ||  3899
       Deflected         |       |     3 |     6 |     8 |    30 |    57 |    32 |       ||   136
Block: Shield            |       |       |       |       |   318 |  1001 |  1373 |    65 ||  2757
       Reflection        |       |       |       |       |    16 |    74 |    93 |     1 ||   184

Table legend:
 A = Spawn XP
 B = Non-spawn XP
 C = Spawn XP percentage of total XP
 D = Spawn monster count
 E = Non-spawn monster count
 F = Spawn count percentage of total count
 G = Total turns spent on level
                    A         B        C        D         E        F      G
               +---------+---------+-------+---------+---------+-------+---------
         Total |       0 |   60259 |   0.0 |       0 |      68 |   0.0 |  3050
               +---------+---------+-------+---------+---------+-------+---------
      Vaults:2 |       0 |    2221 |   0.0 |       0 |       2 |   0.0 |   981
       Crypt:1 |       0 |   58038 |   0.0 |       0 |      66 |   0.0 |  1808
               +---------+---------+-------+---------+---------+-------+---------
